 Dungeon Crawl Stone Soup version 0.24-a0-284-g9fb9971df1 (webtiles) character file.

Game seed: 6855261730965800826

75 Niddhogr the Stinger (level 4, 0/33 HPs)
             Began as a Formicid Venom Mage on May 5, 2019.
             Succumbed to an adder's poison
             ... on level 2 of the Dungeon.
             The game lasted 00:05:04 (2574 turns).

Niddhogr the Stinger (Formicid Venom Mage)          Turns: 2574, Time: 00:05:04

Health: 0/33       AC:  2    Str: 12    XL:     4   Next: 55%
Magic:  2/7        EV: 16    Int: 18    God:
Gold:   139        SH:  0    Dex: 11    Spells: 1/7 levels left

rFire    . . .     SeeInvis +   e - +0 mace
rCold    . . .     Gourm    .   (no shield)
rNeg     . . .     Faith    .   a - +0 robe
rPois    .         Spirit   .   (helmet unavailable)
rElec    .         Reflect  .   (no cloak)
rCorr    .         Harm     .   (no gloves)
MR       .....                  (no boots)
Stlth    ++........             (no amulet)
HPRegen  0.11/turn              o - +2 ring of evasion
MPRegen  0.10/turn              q - +2 ring of evasion

@: lethally poisoned (0 -> -7)
A: permanent stasis, dig shafts and tunnels, four strong arms, antennae 3,
clever 1, robust 1
a: Dig, Shaft Self


You were on level 2 of the Dungeon.
You were not hungry.

You visited 1 branch of the dungeon, and saw 2 of its levels.

You collected 139 gold pieces.

Inventory:

Hand Weapons
 e - a +0 mace (weapon)
Missiles
 Q - 25 arrows
Armour
 a - a +0 robe (worn)
 d - a +0 large shield
Jewellery
 o - a +2 ring of evasion (left hand)
 q - a +2 ring of evasion (right hand)
Scrolls
 b - 4 scrolls of teleportation {unknown}
 f - 3 scrolls of identify {unknown}
 g - a scroll of fog {unknown}
 i - a scroll of enchant weapon {unknown}
 k - a scroll of amnesia {unknown}
 n - a scroll of immolation {unknown}
 p - a scroll of remove curse {unknown}
 r - a scroll of magic mapping {unknown}
Potions
 j - 2 potions of cancellation
Comestibles
 c - 2 rations
 l - 3 chunks of flesh


   Skills:
 - Level 1.7 Dodging
 - Level 2.4 Stealth
 - Level 2.1 Spellcasting
 - Level 0.8 Conjurations
 + Level 6.6 Poison Magic


You had one spell level left.
You knew the following spells:

 Your Spells              Type           Power        Failure   Level  Hunger
a - Sting                 Conj/Pois      ###.         3%          1    #......
b - Poisonous Vapours     Pois/Air       ##....       7%          2    ###....
x - Mephitic Cloud        Conj/Pois/Air  ##......     19%         3    ###....

Your spell library contained the following spells:

 Spells                   Type           Power        Failure   Level  Hunger
 Confusing Touch          Hex            #.....       19%         1    #......
 Olgreb's Toxic Radiance  Pois           ####....     12%         4    #####..
 Confuse                  Hex            #.......     47%         3    ###....
 Gell's Gravitas          Tloc           #.........   47%         3    ###....
 Venom Bolt               Conj/Pois      ###.......   71%         5    ######.
 Petrify                  Tmut/Erth      #.......     87%         4    #####..
 Metabolic Englaciation   Hex/Ice        #.........   99%         5    ######.
 Yara's Violent Unravell  Hex/Tmut       #.........   99%         5    ######.


Dungeon Overview and Level Annotations

Branches:
Dungeon (2/15)

Altars:


Innate Abilities, Weirdness & Mutations

You cannot be hasted, slowed, berserked, paralysed or teleported.
You can dig through walls and to a lower floor.
Your four strong arms can wield two-handed weapons with a shield.
You have a pair of large antennae on your head. (SInv)
Your mind is acute. (Int +2)
You are robust. (+10% HP)


Message History

You take 1 damage, and have 6/33 hp.
* * * LOW HITPOINT WARNING * * *
You feel sick.
You take 1 damage, and have 5/33 hp.
* * * LOW HITPOINT WARNING * * *
You feel sick.
You see here a dagger.
You take 1 damage, and have 4/33 hp.
* * * LOW HITPOINT WARNING * * *
You feel sick.
You take 1 damage, and have 3/33 hp.
* * * LOW HITPOINT WARNING * * *
You feel sick.
You take 1 damage, and have 2/33 hp.
* * * LOW HITPOINT WARNING * * *
You feel sick.
* * * LOW HITPOINT WARNING * * *
You feel sick.
You take 1 damage, and have 1/33 hp.
You die...

# #.... ..# #..#####.# #.# #
##...##### #......#.# #.# .....
##.###.#.# #.### .......
##.###.#.# #.#.# ### .......
####........#####....
..+.......<.+..............>.....
### ####...##.#.#####....
#..###.#)# #.#.# #@##...#.#
###.### #.##.###.# #...... #+#
#.##.###.# #.#..#. #.# #........#
#.#.... #######.# ####.#####
#.##... .....##.## #)# #......
####.#...## #.# ####..#
####......# #.# #... ..##.#...##
#.# ##.#


There were no monsters in sight!

Levels and vault maps discovered:
D:1:      dpeg_arrival_circle_labyrinth_a, layout_loops_corners,
          chequers_serial_rivers_micro_e
D:2:      layout_loops_corners

Notes
Turn   | Place    | Note
-------+----------+-------------------------------------------
     0 | D:1      | Niddhogr the Formicid Venom Mage began the quest for the
                  | Orb.
     0 | D:1      | Reached XP level 1. HP: 13/13 MP: 3/3
   247 | D:1      | Identified a +0 mace (You found it on level 1 of the
                  | Dungeon)
   282 | D:1      | Reached XP level 2. HP: 7/19 MP: 0/5
   499 | D:1      | Learned a level 2 spell: Poisonous Vapours
   710 | D:1      | Identified a +0 dagger
   775 | D:1      | Reached skill level 5 in Poison Magic
   889 | D:1      | Identified a +0 club
  1181 | D:1      | Reached XP level 3. HP: 23/24 MP: 6/6
  1198 | D:1      | Identified a cursed +0 club
  1227 | D:1      | Identified a +0 club
  1279 | D:1      | Identified a +0 short sword
  1456 | D:1      | Identified a +0 short sword
  1789 | D:2      | Learned a level 3 spell: Mephitic Cloud
  1873 | D:2      | Identified a +0 dagger
  1909 | D:2      | Identified a +0 dagger
  1922 | D:2      | Identified a +0 dagger
  2200 | D:2      | Identified a +0 dagger
  2231 | D:2      | Identified a +0 club
  2261 | D:2      | Identified a ring of evasion (You found it on level 2 of
                  | the Dungeon)
  2354 | D:2      | Identified a cursed -3 club
  2358 | D:2      | Reached skill level 6 in Poison Magic
  2358 | D:2      | Reached XP level 4. HP: 30/30 MP: 2/7
  2359 | D:2      | Identified a cursed -1 dagger
  2561 | D:2      | Identified 3 potions of cancellation
  2562 | D:2      | Identified a potion of berserk rage
  2563 | D:2      | Identified a potion of mutation
  2563 | D:2      | Gained mutation: You are robust. (+10% HP) [potion of
                  | mutation]
  2563 | D:2      | Gained mutation: Your mind is acute. (Int +2) [potion of
                  | mutation]
  2564 | D:2      | HP: 8/33 [poisoned by an adder]
  2569 | D:2      | HP: 3/33 [poisoned by an adder]
  2572 | D:2      | HP: 1/33 [poisoned by an adder]
  2574 | D:2      | Succumbed to an adder's poison

Table legend:
 A = Turns spent in this place as a percentage of turns spent in the entire game.
 B = Non-inter-level travel turns spent in this place as a percentage of non-inter-level travel turns spent in the entire game.
 C = Inter-level travel turns spent in this place as a percentage of turns spent in this place.
 D = Turns resting spent in this place as a percentage of non-inter-level travel turns spent in this place.
 E = Turns spent auto-exploring this place as a percentage of non-inter-level travel turns spent in this place.
 F = Non-inter-level travel turns spent in this place divided by the number of levels of this place that you've seen.
                   A       B       C       D       E      F
               +-------+-------+-------+-------+-------+----------------------
         Total | 100.0 | 100.0 |   3.2 |   0.0 |  87.0 | 1245.5
       Dungeon | 100.0 | 100.0 |   3.2 |   0.0 |  87.0 | 1245.5
               +-------+-------+-------+-------+-------+----------------------

Table legend:
 A = Kills in this place as a percentage of kills in entire the game.
 B = Kills by you in this place as a percentage of kills by you in the entire game.
 C = Kills by friends in this place as a percentage of kills by friends in the entire game.
 D = Other kills in this place as a percentage of other kills in the entire game.
 E = Experience gained in this place as a percentage of experience gained in the entire game.
 F = Experience gained in this place divided by the number of levels of this place that you have seen.
                   A       B       C       D       E      F
               +-------+-------+-------+-------+-------+----------------------
         Total | 100.0 | 100.0 |   N/A |   N/A | 100.0 |  54.0
       Dungeon | 100.0 | 100.0 |   N/A |   N/A | 100.0 |  54.0
               +-------+-------+-------+-------+-------+----------------------

Skill      XL: |  1  2  3 |
---------------+----------+-----
Poison Magic   | 5 6 |  6.6
Dodging        | |  1.7
Stealth        | |  2.4
Spellcasting   | |  2.1
Conjurations   | |  0.8

Action                   |  1- 3 |  4- 6 || total
-------------------------+-------+-------++-------
Melee: Mace              |    42 |    21 ||    63
       Unarmed           |     6 |       ||     6
 Cast: Sting             |    31 |       ||    31
       Poisonous Vapours |     2 |     5 ||     7
  Use: Potion            |       |     3 ||     3
 Stab: Sleeping          |     3 |     2 ||     5
  Eat: Chunk             |     5 |     1 ||     6
Armor: Robe              |    21 |     1 ||    22
Dodge: Dodged            |    39 |    20 ||    59

Vanquished Creatures
  3 adders (D:2)
  2 dart slugs
  2 leopard geckos (D:2)
  5 bats
  3 giant cockroaches (D:1)
  8 goblins
  4 hobgoblins (D:1)
  A quokka (D:2)
  3 frilled lizards (D:1)
  6 kobolds
  5 rats
42 creatures vanquished.
